 Dungeon Crawl Stone Soup version 0.21.0-3-g78d12a8bdd (webtiles) character file.

1734 Principatus the Cleaver (level 8, -8/66 HPs)
             Began as a Minotaur Fighter on Jan 13, 2018.
             Mangled by an orc warrior
             ... wielding a +0 war axe
              (16 damage)
             ... on level 6 of the Dungeon.
             The game lasted 00:15:32 (5386 turns).

Principatus the Cleaver (Minotaur Fighter)          Turns: 5386, Time: 00:15:33

Health: -8/66      AC:  7    Str: 19 (21) XL:     8   Next: 76%
Magic:  7/7        EV:  9    Int:  3 (5)  God:
Gold:   253        SH:  3    Dex: 11 (12) Spells: 7/7 levels left

rFire    . . .     SeeInvis +   w - +2 battleaxe
rCold    . . .     Gourm    .   (shield currently unavailable)
rNeg     + . .     Faith    .   b - +0 scale mail
rPois    .         Spirit   .   (helmet restricted)
rElec    .         Reflect  +   (no cloak)
rCorr    .         Harm     .   (no gloves)
MR       .....                  (no boots)
Stlth    ..........             i - +3 amulet of reflection
HPRegen  0.21/turn              s - ring of see invisible
MPRegen  0.10/turn              v - ring of positive energy

@: no status effects
A: retaliatory headbutt, horns 2
a: no special abilities


You were on level 6 of the Dungeon.
You were hungry.

You visited 1 branch of the dungeon, and saw 6 of its levels.

You collected 253 gold pieces.

Inventory:

Hand Weapons
 a - a +0 war axe
 w - a +2 battleaxe (weapon)
Missiles
 e - 183 stones (quivered)
Armour
 b - a +0 scale mail (worn)
 c - a +0 shield
 n - a +0 pair of boots
Jewellery
 i - a +3 amulet of reflection (around neck)
 s - a ring of see invisible (left hand)
 v - a ring of positive energy (right hand)
 z - a cursed ring of teleportation {unknown}
 B - an uncursed ring of protection from magic {unknown}
Wands
 y - a wand of digging (3)
Scrolls
 h - 8 scrolls of identify {unknown}
 k - 4 scrolls of teleportation {unknown}
 m - 2 scrolls of enchant armour {unknown}
 o - 5 scrolls of remove curse {unknown}
 q - a scroll of immolation {unknown}
 t - a scroll of fear {unknown}
 A - a scroll of magic mapping {unknown}
 D - a scroll of fog {unknown}
Potions
 d - 4 potions of might
 g - a potion of flight {unknown}
 j - 2 potions of ambrosia {unknown}
 l - a potion of agility {unknown}
 p - a potion of lignification {unknown}
 r - a potion of degeneration
 u - 2 potions of curing
 x - a potion of berserk rage {unknown}
Books
 C - a book of Debilitation

   Spells                             Type                      Level
   a - Corona                         Hexes                        1
   b - Slow                           Hexes                        2
   c - Inner Flame                    Hexes/Fire                   3
   d - Portal Projectile              Hexes/Translocation          3
   e - Cause Fear                     Hexes                        4
   f - Leda's Liquefaction            Hexes/Earth                  4
Comestibles
 f - 10 rations


   Skills:
 - Level 4.0 Fighting
 * Level 10.9 Axes
 - Level 4.0 Armour
 + Level 8.5 Shields


You had 7 spell levels left.
You didn't know any spells.

Dungeon Overview and Level Annotations

Branches:
Dungeon (6/15)
 Temple: D:4-7

Altars:
Ashenzari
Nemelex Xobeh
Ru


Innate Abilities, Weirdness & Mutations

You reflexively headbutt those who attack you in melee.
You have a pair of horns on your head.


Message History

The worker ant is lightly wounded.
You feel sick.
The worker ant bites you but does no damage.
The worker ant bites you.
You slice the worker ant!!
You kill the worker ant!
You feel sick.
You hit the orc warrior but do no damage.
The orc warrior is heavily wounded.
The orc warrior hits you with a war axe!!
* * * LOW HITPOINT WARNING * * *
Unknown command.
It was a potion of curing.
You feel better.
The orc warrior hits you with a war axe!
* * * LOW HITPOINT WARNING * * *
It was a potion of degeneration.
There was something very wrong with that liquid.
You feel weakened.
You feel dopey.
You feel clumsy.
The orc warrior hits you with a war axe!
You die...

.## ##.## ## ###...###
########.##.##.####
#.#.#..#.......#..#
####.#....#..8..#....#
#.#.....#..#...#..#...
####.......#...8...#....
#.#.....###.##...##.###
##....####.#.##@## #.#
###### ######o# ## #.))#
...$..# ####.<.# #...#
#...# #(..# .....


You could see an orc warrior.

Vanquished Creatures
  Grinder (D:5)
  A sky beast (D:5)
  A phantom (D:4)
  An ogre (D:5)
  2 centaurs
  A necrophage (D:6)
  The ghost of BrokenGlass the Insei, an amateur OpFi (D:3)
  3 wights (D:6)
  A crimson imp (D:5)
  A quasit (D:5)
  2 orc priests
  A hound (D:6)
  4 orc wizards
  A centaur skeleton (D:4)
  An iguana (D:4)
  9 worker ants
  2 hound zombies
  3 gnolls (D:3)
  9 adders
  4 worms
  3 dart slugs
  5 leopard geckos
  17 orcs
  A ball python (D:3)
  6 bats
  4 giant cockroaches
  11 goblins
  12 hobgoblins
  4 jackals
  5 kobolds
  5 quokkas
  7 frilled lizards
  A leopard gecko skeleton (D:2)
  2 quokka skeletons (D:4)
  6 rats
138 creatures vanquished.

Vanquished Creatures (others)
  A goblin (D:4)
1 creature vanquished.

Grand Total: 139 creatures vanquished

Notes
Turn   | Place    | Note
-------+----------+-------------------------------------------
     0 | D:1      | Principatus the Minotaur Fighter began the quest for the Orb.
     0 | D:1      | Reached XP level 1. HP: 19/19 MP: 0/0
   139 | D:1      | Found a shattered altar of Ashenzari.
   306 | D:1      | Reached XP level 2. HP: 26/27 MP: 1/1
   694 | D:2      | Reached skill level 3 in Axes
   713 | D:2      | Reached XP level 3. HP: 32/33 MP: 2/2
  1338 | D:3      | Reached skill level 4 in Axes
  1338 | D:3      | Reached XP level 4. HP: 40/40 MP: 3/3
  1584 | D:3      | Noticed a centaur
  1592 | D:3      | HP: 1/40 [centaur (5)]
  1593 | D:3      | Killed a centaur
  1593 | D:3      | Reached skill level 5 in Axes
  1593 | D:3      | Reached skill level 5 in Shields
  1593 | D:3      | Reached XP level 5. HP: 1/46 MP: 4/4
  1611 | D:3      | Found a sacrificial altar of Ru.
  1647 | D:4      | Noticed a phantom
  1657 | D:3      | Noticed BrokenGlass's ghost (amateur OpFi)
  1851 | D:3      | Killed BrokenGlass's ghost
  1851 | D:3      | Reached skill level 6 in Axes
  1851 | D:3      | Reached XP level 6. HP: 24/52 MP: 5/5
  3579 | D:4      | Reached skill level 7 in Axes
  3737 | D:4      | Reached XP level 7. HP: 58/59 MP: 6/6
  3953 | D:4      | Reached skill level 8 in Axes
  4150 | D:5      | Entered Level 5 of the Dungeon
  4179 | D:5      | Found a sparkling altar of Nemelex Xobeh.
  4363 | D:5      | Reached skill level 9 in Axes
  4382 | D:5      | Reached XP level 8. HP: 46/66 MP: 7/7
  4795 | D:5      | Noticed Grinder
  4798 | D:5      | Paralysed by Grinder for 6 turns
  4811 | D:5      | Paralysed by Grinder for 2 turns
  4815 | D:5      | Killed Grinder
  4815 | D:5      | Reached skill level 10 in Axes
  5386 | D:6      | Mangled by an orc warrior

Skill      XL: |  1  2  3  4  5  6  7  8 |
---------------+-------------------------+-----
Fighting       | 4 |  4.0
Armour         | 4 |  4.0
Axes           | 3 4 5 6 7 9 10 | 10.9
Shields        | 4 5 6 7 8 |  8.5

Action                   |  1- 3 |  4- 6 |  7- 9 || total
-------------------------+-------+-------+-------++-------
Melee: War axe           |    85 |   128 |   165 ||   378
       Headbutt          |     7 |    19 |    35 ||    61
       Battleaxe         |       |       |    25 ||    25
  Use: Potion            |       |       |     2 ||     2
  Eat: Chunk             |     1 |     8 |     5 ||    14
Armor: Scale mail        |    42 |    38 |    40 ||   120
Dodge: Dodged            |    23 |    30 |    44 ||    97
Block: Shield            |    32 |    82 |    94 ||   208
       Reflection        |       |     2 |     3 ||     5
       Other             |       |       |     2 ||     2
